 Dungeon Crawl Stone Soup version 0.30-a0-377-g5cb311bc9f (webtiles) character file.

Game seed: 15522944818369595258

189 lokiplouj the Trooper (level 5, 0/47 HPs)
             Began as a Minotaur Berserker on Nov 29, 2022.
             Was a Believer of Trog.
             Slain by an orc
             ... wielding a +0 trident
              (3 damage)
             ... on level 4 of the Dungeon.
             The game lasted 00:02:59 (2288 turns).

lokiplouj the Trooper (Minotaur Berserker)          Turns: 2288, Time: 00:03:00

Health: 0/47       AC:  2    Str: 21    XL:     5   Next: 40%
Magic:  4/4        EV: 13    Int:  4    God:    Trog [**....]
Gold:   164        SH:  0    Dex: 12    Spells: 4/4 levels left

rFire   . . .      SeeInvis +    a - +0 hand axe
rCold   . . .      Faith    .    (no shield)
rNeg    . . .      Spirit   .    b - +0 animal skin
rPois   .          Reflect  .    (helmet restricted)
rElec   .          Harm     .    (no cloak)
rCorr   .          Rampage  .    (no gloves)
Will    .....                    (no boots)
Stlth   +.........               (no amulet)
HPRegen 0.27/turn                s - ring of see invisible
MPRegen 0.09/turn                l - ring of flight

@: on berserk cooldown, flying
A: horns 2, retaliatory headbutt
a: Renounce Religion, Berserk, Trog's Hand


You were on level 4 of the Dungeon.
You worshipped Trog.
Trog was pleased with you.
You visited 1 branch of the dungeon, and saw 4 of its levels.

You collected 164 gold pieces.

Inventory:

Hand Weapons
 a - a +0 hand axe (weapon)
Armour
 b - a +0 animal skin (worn)
Jewellery
 l - a ring of flight (right hand)
 m - a ring of ice
 s - a ring of see invisible (left hand)
Scrolls
 f - 3 scrolls of identify {unknown}
 g - a scroll of summoning {unknown}
 k - a scroll of amnesia {unknown}
 o - 2 scrolls of vulnerability {unknown}
 q - a scroll of teleportation {unknown}
Potions
 c - 3 potions of curing {unknown}
 d - 3 potions of mutation {unknown}
 e - 4 potions of haste {unknown}
 h - 2 potions of lignification {unknown}
 i - a potion of attraction {unknown}
 j - 3 potions of degeneration {unknown}
 n - a potion of brilliance {unknown}
 p - 2 potions of magic {unknown}
 r - a potion of resistance {unknown}
 t - 2 potions of flight {unknown}


   Skills:
 + Level 4.8 Fighting
 + Level 4.8 Axes
 + Level 4.0 Armour
 + Level 3.6 Dodging


You had 4 spell levels left.
You didn't know any spells.
Your spell library was empty.

Dungeon Overview and Level Annotations

Branches:
Dungeon (4/15)
 Temple: D:4-7

Altars:


Innate Abilities, Weirdness & Mutations

You have a pair of horns on your head.
You reflexively headbutt those who attack you in melee.


Message History

An orc is nearby!
You are too injured to fight recklessly!
An orc is nearby!
You are too injured to fight recklessly!
An orc is nearby!
You are too injured to fight recklessly!
An orc is nearby!
You are too injured to fight recklessly!
An orc is nearby!
You are too injured to fight recklessly!
An orc is nearby!
An orc is nearby!
An orc is nearby!
An orc is nearby!
An orc is nearby!
Nothing quivered!
An orc is nearby!
Nothing quivered!
An orc is nearby!
Nothing quivered!
An orc is nearby!
Nothing quivered!
An orc is nearby!
Nothing quivered!
An orc is nearby!
The orc shouts!
An orc comes into view. It is wielding a +0 trident.
The orc shouts!
The orc hits you with a +0 dagger.
* * * LOW HITPOINT WARNING * * *
You feel yourself speed up. The orc hits you but does no damage.
The orc hits you with a +0 dagger.
* * * LOW HITPOINT WARNING * * *
The orc hits you with a +0 dagger.
* * * LOW HITPOINT WARNING * * *
The orc closely misses you. The orc hits you with a +0 dagger.
* * * LOW HITPOINT WARNING * * *
The orc hits you from afar with a +0 trident.
You die...

#.###.#####.........
#........##.........
#........##.........
#<†.................
##.......#........:.
#......#...........
#......#....######
#......#.........#
#......#.....@...####.#
####|.....#####.o........##
..........# ###o............
...#......###...............
...........##...########....
##.#.......##...# ...
#.........##...+ ..
#####.#####....# .
#.#...#....#


You could see 2 orcs.

Vanquished Creatures
  A phantom (D:4)
  An orc priest (D:3)
  2 adders
  2 dart slugs
  4 orcs
  6 ball pythons
  9 endoplasms
  5 goblins
  6 hobgoblins
  7 kobolds
  2 quokkas
  4 bats
  4 frilled lizards
  5 rats
58 creatures vanquished.

Notes
Turn   | Place    | Note
-------+----------+-------------------------------------------
     0 | D:1      | lokiplouj the Minotaur Berserker began the quest for the
                  | Orb.
     0 | D:1      | Reached XP level 1. HP: 19/19 MP: 0/0
   253 | D:1      | Reached XP level 2. HP: 27/27 MP: 1/1
  1006 | D:2      | Reached XP level 3. HP: 32/33 MP: 2/2
  1015 | D:2      | Reached ** piety under Trog
  1632 | D:3      | Reached XP level 4. HP: 35/41 MP: 3/3
  2244 | D:4      | Noticed a phantom
  2267 | D:4      | Killed a phantom
  2268 | D:4      | Reached XP level 5. HP: 35/47 MP: 4/4
  2288 | D:4      | Slain by an orc

Illustrated notes

Levels and vault maps discovered:
D:1:      dpeg_arrival_shelter, layout_loops_corners, serial_bayou_pond_a
D:2:      layout_basic
D:3:      layout_basic, minmay_misc_feat_four_crosses, minmay_misc_feat_encased
D:4:      layout_basic

Skill      XL: |  1  2  3  4 |
---------------+-------------+-----
Fighting       | 4 |  4.8
Axes           | 4 |  4.8
Armour         | 3 4 |  4.0
Dodging        | 3 |  3.6

Action                   |  1- 3 |  4- 6 || total
-------------------------+-------+-------++-------
Melee: Hand axe          |   100 |    43 ||   143
       Headbutt          |    13 |     4 ||    17
       Punch             |     1 |       ||     1
Invok: Berserk           |       |     1 ||     1
 Stab: Sleeping          |     2 |     1 ||     3
Armor: Animal skin       |    13 |     9 ||    22
Dodge: Dodged            |    67 |    24 ||    91

Table legend: (Time is in decaauts)
 A = Elapsed time spent in this place.
 B = Non-inter-level travel time spent in this place.
 C = Inter-level travel time spent in this place.
 D = Time resting spent in this place.
 E = Time spent auto-exploring this place.
 F = Levels seen in this place.
 G = Mean time per level.
                   A        B        C        D        E       F      G
               +--------+--------+--------+--------+--------+-----+--------+
         Total |   2307 |   2242 |     65 |      0 |   1848 |   4 |  576.8 |
       Dungeon |   2307 |   2242 |     65 |      0 |   1848 |   4 |  576.8 |
               +--------+--------+--------+--------+--------+-----+--------+

Top non-repeatable levels by time:
     D:1: 880 daAuts
     D:3: 670 daAuts
     D:2: 628 daAuts
     D:4: 127 daAuts
